 Dungeon Crawl Stone Soup version bcrawl-1.28.1b (webtiles) character file.

Game seed: 2161370920176382793

549555 Morbidden the Sorcerer (level 18, -1/169 HPs)
             Began as a Djinni Conjurer on Dec 25, 2020.
             Was the Champion of Vehumet.
             Slain by an Ice Fiend (49 damage)
             ... summoned by a deep elf demonologist
             ... led by an ironheart preserver
             ... on level 2 of the Vaults.
             The game lasted 01:08:06 (32600 turns).

Morbidden the Sorcerer (Djinni Conjurer)           Turns: 32600, Time: 01:08:07

Health: -1/169     AC: 18    Str: 18    XL:     18   Next: 14%
Magic:  12/52      EV: 14    Int: 33    God:    Vehumet [******]
Gold:   2253       SH: 10    Dex: 13    Spells: 36/60 levels left

rFire    + . .     SeeInvis .   b - staff of air
rCold    . . .     Gourm    .   x - +0 medium shield {reflect}
rNeg     . . .     Faith    .   L - +4 ring mail "Mas Poun" {rElec Str+6}
rPois    .         Spirit   .   D - +2 hat
rElec    +         Reflect  +   K - +2 cloak {+Inv}
rCorr    .         Harm     .   T - +0 pair of gloves {archery}
MR       ++...     Rnd*Rage +   (boots unavailable)
Stlth    ++........             m - amulet of magic regeneration
HPRegen  0.38/turn              O - ring of Vanity {*Corrode MR+ AC+6 Int+8 Stlth+}
MPRegen  0.58/turn              k - +6 ring of protection

@: corroded, flying, studying Dodging
A: never pass out, molten scales 1, agile 1, berserk 2, blink, blurry vision 2,
fire resistance 1, hurl hellfire, high mp 2, robust 1, wild magic 3, disrupted
magic 1, MP-powered wands, floating
a: Hurl Hellfire, Blink, Renounce Religion, Evoke Invisibility


You were on level 2 of the Vaults.
You worshipped Vehumet.
Vehumet was exalted by your worship.
You were not hungry.

You visited 6 branches of the dungeon, and saw 27 of its levels.
You visited 1 bazaar.
You also visited: Gauntlet.

You collected 3738 gold pieces.
You spent 1485 gold pieces at shops.

Inventory:

Hand Weapons
 a - a +7 dagger of flaming
Missiles
 u - 151 poisoned tomahawks (quivered)
 G - 5 throwing nets {=f}
 R - 326 javelins
Armour
 x - a +0 medium shield of reflection (worn)
 D - a +2 hat (worn)
 K - a +2 cloak of invisibility (worn)
 L - the +4 ring mail "Mas Poun" (worn) {rElec Str+6}
   (You found it on level 10 of the Dungeon)

   It affects your strength (+6).
   It insulates you from electricity.
 T - a +0 pair of gloves of archery (worn)
Magical Staves
 b - an uncursed staff of air (weapon)
 c - an uncursed staff of conjuration
 y - an uncursed staff of wizardry
Jewellery
 k - a +6 ring of protection (right hand)
 m - an amulet of magic regeneration (around neck)
 H - an uncursed ring of see invisible
 N - the ring "Hylyfa" {-Tele rPois rC+ Int+7 SInv}
   (You found it in a Gauntlet)

   [ring of see invisible]

   It affects your intelligence (+7).
   It protects you from cold.
   It protects you from poison.
   It lets you see invisible.
   It prevents most forms of teleportation.
 O - the ring of Vanity (left hand) {*Corrode MR+ AC+6 Int+8 Stlth+}
   (You found it in a Gauntlet)

   [ring of protection]

   It affects your AC (+6).
   It affects your intelligence (+8).
   It affects your resistance to hostile enchantments.
   It may corrode you when you take damage.
   It makes you more stealthy.
Wands
 C - a wand of acid (42)
 F - a wand of iceblast (25)
 Q - a wand of paralysis (5)
 W - a wand of scattershot (4)
 X - a wand of disintegration (26)
 Z - a wand of digging (11)
Scrolls
 d - 5 scrolls of teleportation
 g - 8 scrolls of amnesia
 h - 2 scrolls of magic mapping
 o - 5 scrolls of fog
 p - 5 scrolls of enchant weapon
 r - 16 scrolls of remove curse
 I - a scroll of enchant armour
 P - 2 scrolls of summoning
Potions
 f - 2 potions of might
 i - 4 potions of lignification
 j - a potion of berserk rage
 n - 3 potions of resistance
 q - 4 potions of agility
 s - 3 potions of heal wounds
 t - 3 potions of invisibility
 v - 4 potions of flight
 w - 3 potions of mutation
 A - 16 potions of curing
 B - 4 potions of cancellation
 J - 4 potions of brilliance
 S - a potion of magic
 Y - 2 potions of haste
Books
 E - a manual of Dodging
Miscellaneous
 M - a phial of floods
 U - a sack of spiders
 V - a phantom mirror
Comestibles
 e - 35 rations {!d}
 l - 6 chunks of flesh


   Skills:
 * Level 11.8 Fighting
 + Level 1.7 Short Blades
 * Level 8.2 Staves
 + Level 3.3 Armour
 * Level 12.2 Dodging
 + Level 2.3 Stealth
 * Level 7.4 Shields
 + Level 0.2 Unarmed Combat
 * Level 21.8 Spellcasting
 * Level 14.0 Conjurations
 * Level 9.2 Hexes
 * Level 16.2 Air Magic
 + Level 0.2 Evocations


You had 36 spell levels left.
You knew the following spells:

 Your Spells              Type           Power        Failure   Level  Hunger
a - Airstrike             Air            #########.   1%          4    None
b - Iskenderun's Mystic   Conj           ########     1%          3    None
c - Magic Dart            Conj           ####         1%          1    None
d - Mana Rupture          Conj/Hex       ########..   43%         7    None
e - Searing Ray           Conj           ########     1%          2    None
f - Orb of Destruction    Conj           ########..   22%         7    None

Your spell library contained the following spells:

 Spells                   Type           Power        Failure   Level  Hunger
 Chain Lightning          Conj/Air       #########.   58%         8    None
 Glaciate                 Conj/Ice/Air   ########..   99%         8    None
 Tornado                  Air            #########.   99%         9    None
 Throw Frost              Conj/Ice       ######       1%          2    None
 Mephitic Cloud           Conj/Pois/Air  ########     2%          3    None
 Fulminant Prism          Conj/Hex       ########..   2%          4    None
 Conjure Flame            Conj/Fire      ########     4%          3    None
 Stone Arrow              Conj/Erth      ######       4%          3    None
 Corona                   Hex            #######      6%          1    None
 Dazzling Orbs            Conj/Hex       #######      6%          3    None
 Throw Icicle             Conj/Ice       ########     8%          4    None
 Confuse                  Hex            ########     9%          3    None
 Tukima's Dance           Hex            ########     9%          3    None
 Freeze                   Ice            ######       11%         1    None
 Sandblast                Erth           ######       11%         1    None
 Yara's Violent Unravell  Hex/Tmut       #######...   14%         4    None
 Irradiate                Conj/Tmut      ########..   16%         5    None
 Ensorcelled Hibernation  Hex/Ice        ######       17%         2    None
 Spectral Weapon          Hex/Chrm       #######.     24%         3    None
 Apportation              Tloc           ######       38%         1    None
 Infusion                 Chrm           ######..     38%         1    None
 Summon Butterflies       Summ           ######..     38%         1    None
 Summon Small Mammal      Summ           ####         38%         1    None
 Summon Lightning Spire   Summ/Air       ########     38%         5    None
 Blink                    Tloc           N/A          50%         2    None
 Call Imp                 Summ           ######       50%         2    None
 Passwall                 Tmut/Erth      ######..     50%         2    None
 Song of Slaying          Chrm           ######..     50%         2    None
 Beckoning                Tloc           ######....   67%         3    None
 Call Canine Familiar     Summ           ######..     67%         3    None
 Ozocubu's Armour         Chrm/Ice       ######..     67%         3    None
 Regeneration             Chrm/Necr      ######....   67%         3    None
 Spider Form              Tmut/Pois      ###          67%         3    None
 Invisibility             Hex            ########     71%         6    None
 Metabolic Englaciation   Hex/Ice        #######...   75%         5    None
 Lee's Rapid Deconstruct  Erth           ######....   80%         5    None
 Ice Form                 Ice/Tmut       ######..     94%         4    None
 Petrify                  Tmut/Erth      ######....   94%         4    None
 Summon Ice Beast         Ice/Summ       ######..     94%         4    None


Dungeon Overview and Level Annotations

Branches:
Dungeon (12/12)            Temple (0/1) D:5            Lair (6/6) D:9
  Swamp (3/3) Lair:4       Spider (3/3) Lair:2        Slime (0/5) Lair:6
    Orc (1/1) D:9             Elf (0/3) Orc          Vaults (2/3) D:12
  Crypt (0/2) Vaults:1     Depths (0/5) D:12

Altars:
Ashenzari
Dithmenos
Elyvilon
Fedhas
Gozag
Kikubaaqudgha
Makhleb
Ru
Sif Muna
Uskayaw
Vehumet
Yredelemnul
Beogh
Jiyva

Shops:
D:7 (*[:[   D:8 (   D:10 *:   Orc (:%*[

Annotations:
D:6 exclusion: centaur warrior
D:8 1 runed translucent door, Quickbrownfox's ghost, novice DsAc
Lair:4 3 runed translucent doors, Quickbrownfox's ghost, journeyman DsAc
Spider:3 2 transporters, exclusion: orange crystal statue, Quickbrownfox's ghost, adept MiAc


Innate Abilities, Weirdness & Mutations

You never pass out after going berserk.
You often lose your temper in combat.
You can translocate small distances at will.
Scrolls take you longer to read.
Your flesh is heat resistant. (rF+)
You can hurl hellfire.
You have a considerably increased reservoir of magic. (+20% MP)
Your spells are much harder to cast, but much more powerful.
Your casting is slightly disrupted.
You expend magic power (3 MP) to strengthen your wands.
Your body floats in the air.
You are partially covered in molten scales. (AC +2)
You are agile. (Dex +2)
You are robust. (+10% HP)


Message History

The sixfirhy disappears in a puff of smoke!
The cacodemon hits you. The cacodemon corrodes you! The cacodemon hits you!!
The cacodemon corrodes you!
The Ice Fiend calls on the powers of darkness!
The deep elf demonologist convulses!
Your body is wracked with pain!
The hellwing completely misses you.
The hellwing hits you but does no damage.
Casting: Iskenderun's Mystic Blast (safe; 1% risk of failure)
Confirm with . or Enter, or press ? or * to list all spells.
Aiming: Iskenderun's Mystic Blast (safe; 1% risk of failure)
Press: ? - help, Shift-Dir - straight line, f/p - deep elf demonologist
Aim: a deep elf demonologist, wielding a +4 rapier (almost dead)
The orb of energy hits the Ice Fiend.
The Ice Fiend is heavily wounded.
You block the hellion's attack. The cacodemon gestures at you.
You resist with almost no effort. The Ice Fiend claws you!
* * * LOW HITPOINT WARNING * * *
The Ice Fiend freezes you!!!
You die...

########################
........................
................3..)....
.................1e.....
........).......@24.....
...............4.2ยง.....
##......................
###....................
###### #####################
#....^ #### ####.....
#..###### ######..#.....
+.......#######.......#.....
+..........'..........#.....


You could see an Ice Fiend, a cacodemon, a deep elf demonologist, a hellwing, an
ice devil, a hellion and a ynoxinul.

Vanquished Creatures
  Asterion (Spider:2)
  Donald (Spider:3)
  2 thorn hunters
  2 deep elf sorcerers (Vaults:2)
  2 orc warlords
  3 ghost moths (Spider:3)
  6 emperor scorpions
  2 vault wardens
  A war gargoyle (Vaults:2)
  6 ironheart preservers
  A ghoul (Vaults:1)
  7 very ugly things (Vaults:1)
  Nessos (Lair:5)
  2 spark wasps
  2 entropy weavers
  A deep elf death mage (Vaults:2)
  A deep elf annihilator (Vaults:2)
  2 fire dragons
  Snorg (Lair:4)
  2 great orbs of eyes
  A ghost crab (Swamp:3)
  3 ice dragons
  3 catoblepae (Lair:6)
  2 ogre magi
  13 hydras
  A shadow wraith (Vaults:2)
  2 shambling mangroves
  9 alligators
  4 centaur warriors
  10 two-headed ogres
  A death knight (Vaults:1)
  5 death yaks (Lair:6)
  A dancing weapon (Vaults:2)
  3 tengu warriors
  2 deep troll earth magi (Vaults:1)
  3 deep trolls (Vaults:1)
  3 spriggans
  An orc high priest (Orc)
  A deep elf knight (Vaults:2)
  Nergalle (D:10)
  Sonja (Lair:1)
  A goliath frog (Swamp:1)
  A fire crab (Gauntlet)
  4 sixfirhies (Gauntlet)
  A wizard (Vaults:2)
  2 orange crystal statues (Spider:3)
  4 deep elf archers
  2 ironbrand convokers
  3 orc knights (Orc)
  7 harpies (Vaults:1)
  21 orb spiders
  A wolf spider zombie (D:10)
  2 necromancers
  2 orc sorcerers (Orc)
  A cyclops (D:11)
  2 oklob plants (Lair:4)
  15 wolf spiders
  4 deep elf magi
  9 ugly things
  5 manticores
  Maurice (D:10)
  A vault sentinel (Vaults:1)
  A black mamba (Lair:6)
  Joseph (D:10)
  18 will-o'-wisps
  9 elephants
  A guardian serpent (shapeshifter) (D:12)
  3 gargoyles
  14 cane toads
  A human zombie (Vaults:1)
  A torpor snail (Spider:1)
  A redback zombie (D:12)
  5 komodo dragons
  5 yaktaurs (Vaults:1)
  8 demonic crawlers
  A tengu conjurer (D:11)
  A freezing wraith (Vaults:1)
  A yaktaur skeleton (Vaults:1)
  A komodo dragon (shapeshifter) (D:12)
  2 trolls
  26 jumping spiders
  A polar bear (Lair:2)
  Prince Ribbit (D:7)
  4 tyrant leeches
  9 hornets
  22 slime creatures
  5 hippogriffs
  22 blink frogs
  6 bog bodies
  6 dream sheep (Lair:6)
  A frost giant simulacrum (Vaults:2)
  36 redbacks
  Sigmund (D:6)
  A centaur simulacrum (D:12)
  17 tarantellas
  2 wraiths (Vaults:1)
  5 shadows (Gauntlet)
  A human (D:9)
  3 wyverns
  4 basilisks
  3 fire bats (Gauntlet)
  50 yaks
  A steam dragon (Lair:6)
  5 vampire mosquitoes
  Menkaure (D:5)
  8 wargs
  An acid dragon (D:11)
  10 crocodiles
  7 water moccasins
  8 swamp worms
  16 porcupines
  3 ice beasts
  31 orc warriors
  3 sky beasts
  An ettin simulacrum (Vaults:1)
  4 swamp drakes
  12 ogres
  4 phantoms
  An eye of draining (D:12)
  21 wolves
  9 centaurs
  10 bullfrogs
  4 big kobolds (D:5)
  4 earth elementals (Spider:2)
  5 scorpions
  3 wights (D:11)
  4 killer bees
  5 electric eels
  2 crimson imps
  3 centaur zombies
  A yaktaur simulacrum (Vaults:1)
  11 jellies
  7 hounds
  3 bullfrog skeletons
  20 orc priests
  5 centaur skeletons
  2 iguanas (D:12)
  9 worker ants
  21 orc wizards
  A killer bee zombie (D:8)
  4 yak simulacra (Lair:2)
  2 polar bear simulacra (Lair:2)
  3 wolf simulacra (Lair:2)
  A hound zombie (D:8)
  2 hound skeletons
  A worker ant zombie (D:5)
  10 adders
  8 gnolls
  3 shadow imps
  6 oozes
  2 adder skeletons
  6 worms
  3 dart slugs
  7 leopard geckos
  86 orcs
  5 bats
  2 giant cockroaches
  2 goblins
  11 hobgoblins
  2 jackals (D:8)
  2 quokkas
  2 ball pythons
  4 frilled lizards
  A jackal skeleton (D:4)
  13 kobolds
  5 rats
  2 river rat simulacra (Lair:2)
  A fungus (Lair:5)
  2 plants
969 creatures vanquished.

Vanquished Creatures (collateral kills)
  A minotaur (Gauntlet)
  A demonic crawler (Spider:3)
2 creatures vanquished.

Vanquished Creatures (others)
  A centaur warrior (Vaults:2)
  A deep elf knight (Vaults:1)
  3 yaktaurs (Vaults:2)
  A redback (Spider:3)
  A centaur (Vaults:2)
  3 briar patches (Swamp:3)
  12 fungi
  38 plants
  9 toadstools (D:5)
69 creatures vanquished.

Grand Total: 1040 creatures vanquished

Notes
Turn   | Place    | Note
-------+----------+-------------------------------------------
     0 | D:1      | Morbidden the Djinni Conjurer began the quest for the Orb.
     0 | D:1      | Reached XP level 1. HP: 14/14 MP: 4/4
    58 | D:1      | Reached XP level 2. HP: 20/20 MP: 3/6
   356 | D:1      | Reached skill level 5 in Conjurations
   514 | D:1      | Learned a level 2 spell: Searing Ray
   709 | D:2      | Reached XP level 3. HP: 25/27 MP: 0/7
  1221 | D:2      | Found a sacrificial altar of Ru.
  1451 | D:2      | Found a radiant altar of Vehumet.
  1453 | D:2      | Found a burning altar of Makhleb.
  1462 | D:2      | Became a worshipper of Vehumet
  1819 | D:3      | Gained mutation: Your spells are harder to cast, but more
                  | powerful. [Djinni growth]
  1819 | D:3      | Gained mutation: You can translocate small distances at
                  | will. [Djinni growth]
  1819 | D:3      | Reached XP level 4. HP: 20/34 MP: 3/9
  1922 | D:3      | Reached skill level 1 in Fighting
  1922 | D:3      | Reached skill level 4 in Spellcasting
  2024 | D:3      | Reached XP level 5. HP: 40/40 MP: 5/11
  2245 | D:3      | Reached * piety under Vehumet
  2245 | D:3      | Offered knowledge of Flame Tongue by Vehumet.
  2275 | D:3      | Found a shattered altar of Ashenzari.
  2394 | D:3      | Found a blossoming altar of Fedhas.
  2403 | D:3      | Learned a level 3 spell: Iskenderun's Mystic Blast
  2493 | D:3      | Reached XP level 6. HP: 45/48 MP: 1/13
  2980 | D:4      | Noticed a troll
  2999 | D:4      | Noticed a sky beast
  3064 | D:3      | Reached skill level 5 in Spellcasting
  3151 | D:4      | Noticed a sky beast
  3157 | D:4      | Killed a sky beast
  3158 | D:4      | Reached skill level 6 in Spellcasting
  3158 | D:4      | Reached XP level 7. HP: 42/57 MP: 8/16
  3933 | D:4      | Reached skill level 7 in Spellcasting
  3972 | D:5      | Entered Level 5 of the Dungeon
  4203 | D:5      | Gained mutation: Your spells are much harder to cast, but
                  | much more powerful. [Djinni growth]
  4203 | D:5      | Reached XP level 8. HP: 63/63 MP: 9/18
  4392 | D:5      | Noticed Menkaure
  4394 | D:5      | Killed Menkaure
  4418 | D:5      | Reached skill level 8 in Spellcasting
  4418 | D:5      | Reached ** piety under Vehumet
  4418 | D:5      | Offered knowledge of Shock by Vehumet.
  4616 | D:5      | Noticed a slime creature
  4621 | D:5      | Reached skill level 9 in Spellcasting
  4719 | D:5      | Found a staircase to the Ecumenical Temple.
  4757 | D:5      | Found an opulent altar of Gozag.
  5031 | D:5      | Killed a slime creature
  5125 | D:6      | Reached skill level 1 in Short Blades
  5202 | D:6      | Learned a level 7 spell: Mana Rupture
  5236 | D:6      | Noticed a centaur warrior
  5265 | D:6      | Reached XP level 9. HP: 72/72 MP: 15/22
  5722 | D:6      | Noticed Sigmund
  5724 | D:6      | Killed Sigmund
  5725 | D:6      | Reached skill level 10 in Spellcasting
  5912 | D:6      | Found a shimmering blue altar of Sif Muna.
  6070 | D:7      | Reached skill level 1 in Hexes
  6083 | D:7      | Found a shadowy altar of Dithmenos.
  6161 | D:7      | Reached skill level 5 in Fighting
  6161 | D:7      | Offered knowledge of Throw Frost by Vehumet.
  6213 | D:7      | Found Waplij's Weapon Emporium.
  6286 | D:7      | Found a white marble altar of Elyvilon.
  6317 | D:7      | Reached skill level 5 in Dodging
  6336 | D:7      | Noticed Prince Ribbit
  6341 | D:7      | Killed Prince Ribbit
  6346 | D:7      | Reached *** piety under Vehumet
  6386 | D:7      | Found Umopn's Book Shop.
  6416 | D:7      | Found Quuto's Armour Boutique.
  6563 | D:7      | Reached skill level 11 in Spellcasting
  6563 | D:7      | Reached skill level 10 in Conjurations
  6641 | D:7      | Found Jinoarez's Armour Emporium.
  6650 | D:7      | Bought a +2 hat for 160 gold pieces
  7104 | D:7      | Found Piptutt's General Store.
  7247 | D:8      | Found a runed translucent door.
  7280 | D:8      | Noticed Quickbrownfox's ghost (novice DsAc)
  7280 | D:8      | Noticed a harpy
  7281 | D:8      | Noticed a jumping spider
  7281 | D:8      | a harpy changed into a jumping spider
  7291 | D:8      | Reached XP level 10. HP: 83/83 MP: 16/25
  7307 | D:8      | Offered knowledge of Airstrike by Vehumet.
  7313 | D:8      | Learned a level 4 spell: Airstrike
  7356 | D:8      | Found Mofirigo's Weapon Shop.
  8033 | D:9      | Reached skill level 1 in Air Magic
  8033 | D:9      | Reached **** piety under Vehumet
  8155 | D:9      | Found a roughly hewn altar of Beogh.
  8155 | D:9      | Found a staircase to the Orcish Mines.
  8158 | D:9      | Offered knowledge of Venom Bolt by Vehumet.
  8425 | D:9      | Found a hide-covered altar of Uskayaw.
  8490 | D:9      | Reached skill level 12 in Spellcasting
  8679 | D:9      | Found a staircase to the Lair.
  8772 | D:9      | Reached ***** piety under Vehumet
  8772 | D:9      | Offered knowledge of Conjure Ball Lightning by Vehumet.
  8773 | D:9      | Reached XP level 11. HP: 92/92 MP: 18/27
  8999 | D:10     | Entered Level 10 of the Dungeon
  9041 | D:10     | Noticed Nergalle
  9042 | D:10     | Noticed a centaur warrior
  9045 | D:10     | Reached skill level 13 in Spellcasting
  9070 | D:10     | Gained mutation: You are partially covered in molten
                  | scales. (AC +2) [potion of mutation]
  9070 | D:10     | Gained mutation: You are robust. (+10% HP) [potion of
                  | mutation]
  9070 | D:10     | Gained mutation: You are agile. (Dex +2) [potion of
                  | mutation]
  9302 | D:10     | Found Jelel's Book Shoppe.
  9320 | D:10     | Noticed a centaur warrior
  9325 | D:10     | Killed a centaur warrior
  9356 | D:10     | Noticed Maurice
  9361 | D:10     | Killed Maurice
  9363 | D:10     | Got a heavily runed leather armour
  9375 | D:10     | Identified the +2 leather armour of the Salamander {Dex-3
                  | Slay+5 SInv} (You found it on level 10 of the Dungeon)
  9432 | D:10     | Killed a centaur warrior
  9433 | D:10     | Reached skill level 5 in Air Magic
  9634 | D:10     | Found Zefy's General Store.
  9641 | D:10     | Got a shimmering ring mail
  9649 | D:10     | Identified the +4 ring mail "Mas Poun" {rElec Str+6} (You
                  | found it on level 10 of the Dungeon)
  9735 | D:10     | Noticed Joseph
  9740 | D:10     | Killed Joseph
  9780 | D:10     | Killed Nergalle
  9781 | D:10     | Reached skill level 14 in Spellcasting
  9923 | D:10     | Reached skill level 1 in Staves
 10197 | D:11     | Noticed a cyclops
 10202 | D:11     | Killed a cyclops
 10403 | D:11     | Noticed a tengu warrior
 10407 | D:11     | Killed a tengu warrior
 10408 | D:11     | Gained mutation: Your casting is slightly disrupted.
                  | [Djinni growth]
 10408 | D:11     | Gained mutation: Your flesh is heat resistant. (rF+)
                  | [Djinni growth]
 10408 | D:11     | Gained mutation: You have an increased reservoir of magic.
                  | (+10% MP) [Djinni growth]
 10408 | D:11     | Gained mutation: You have a considerably increased
                  | reservoir of magic. (+20% MP) [Djinni growth]
 10408 | D:11     | Reached XP level 12. HP: 107/111 MP: 15/36
 10514 | D:11     | Noticed an eight-headed hydra
 10551 | D:11     | Killed an eight-headed hydra
 10597 | D:11     | Noticed a two-headed ogre
 10602 | D:11     | Killed a two-headed ogre
 10666 | D:11     | Reached skill level 1 in Shields
 10754 | D:11     | Noticed a great orb of eyes
 10756 | D:11     | Killed a great orb of eyes
 10757 | D:11     | Reached skill level 5 in Hexes
 10862 | D:11     | Noticed a centaur warrior
 10865 | D:11     | Killed a centaur warrior
 11041 | D:12     | Entered Level 12 of the Dungeon
 11041 | D:12     | Noticed a two-headed ogre
 11054 | D:12     | Killed a two-headed ogre
 11055 | D:12     | Reached skill level 15 in Spellcasting
 11097 | D:12     | Noticed a tengu warrior
 11119 | D:12     | Killed a tengu warrior
 11125 | D:12     | Found a gate leading to a gauntlet.
 11134 | Gauntlet | Entered a Gauntlet
 11134 | Gauntlet | Found a transporter.
 11134 | Gauntlet | Found a transporter.
 11186 | Gauntlet | Found a transporter.
 11186 | Gauntlet | Found a transporter.
 11196 | Gauntlet | Found a transporter.
 11201 | Gauntlet | Found a transporter.
 11206 | Gauntlet | Found a transporter.
 11206 | Gauntlet | Found a transporter.
 11206 | Gauntlet | Noticed a hell hog
 11229 | Gauntlet | Found a transporter.
 11243 | Gauntlet | Found a transporter.
 11265 | Gauntlet | Found a transporter.
 11277 | Gauntlet | Found a transporter.
 11314 | Gauntlet | Found a transporter.
 11329 | Gauntlet | Found a transporter.
 11427 | Gauntlet | Found a transporter.
 11442 | Gauntlet | Found a transporter.
 11619 | Gauntlet | Reached skill level 1 in Armour
 11827 | Gauntlet | Got a scorched silver ring
 11832 | Gauntlet | Identified the ring "Hylyfa" {-Tele rPois rC+ Int+7 SInv}
                  | (You found it in a Gauntlet)
 11862 | Gauntlet | Offered knowledge of Bolt of Fire by Vehumet.
 11868 | Gauntlet | Got a pitted copper ring
 11879 | Gauntlet | Identified the ring of Vanity {*Corrode MR+ AC+6 Int+8
                  | Stlth+} (You found it in a Gauntlet)
 11944 | Gauntlet | Noticed a minotaur
 11951 | Gauntlet | Killed a minotaur
 11958 | Gauntlet | Got a polished great sword
 11963 | Gauntlet | Identified the +7 great sword of Izeunnof {slice, rElec rN+
                  | Str+2} (You found it in a Gauntlet)
 12001 | D:12     | Got a crystal dagger
 12010 | D:12     | Reached XP level 13. HP: 118/118 MP: 14/39
 12012 | D:12     | Identified the +5 dagger "Worm" {venom, rF+ rC- Str+4} (You
                  | found it on level 12 of the Dungeon)
 12159 | D:12     | Found a gate to the Vaults.
 12159 | D:12     | Noticed an ironheart preserver
 12229 | D:12     | Killed an ironheart preserver
 12341 | D:12     | Reached skill level 10 in Air Magic
 12505 | D:12     | Noticed a fire dragon
 12509 | D:12     | Killed a fire dragon
 12581 | D:12     | Found a staircase to the Depths.
 12717 | D:12     | Reached skill level 16 in Spellcasting
 13045 | Lair:1   | Entered Level 1 of the Lair of Beasts
 13423 | Lair:1   | Noticed Sonja
 13425 | Lair:1   | Killed Sonja
 13569 | Lair:1   | Got a masterwork falchion
 13572 | Lair:1   | Identified the +4 falchion "Vaskaxow" {speed, rPois rC+}
                  | (You found it on level 1 of the Lair of Beasts)
 14270 | Lair:2   | Found a hole to the Spider Nest.
 14583 | Lair:2   | Got a transparent chain mail
 15229 | Lair:3   | Offered knowledge of Freezing Cloud by Vehumet.
 15387 | Lair:3   | Identified the cursed +1 chain mail of the Big Bang {rC+
                  | MR+ Str+3} (You found it on level 2 of the Lair of Beasts)
 16076 | Lair:4   | Reached XP level 14. HP: 129/129 MP: 17/41
 16171 | Lair:4   | Found a runed translucent gate.
 16172 | Lair:4   | Found a runed translucent gate.
 16173 | Lair:4   | Found a runed translucent gate.
 16382 | Lair:4   | Noticed Quickbrownfox's ghost (journeyman DsAc)
 16390 | Lair:4   | Found a staircase to the Swamp.
 16390 | Lair:4   | Noticed Snorg
 16396 | Lair:4   | Killed Snorg
 16397 | Lair:4   | Reached skill level 17 in Spellcasting
 16895 | Lair:4   | Got a bloodstained great sword
 17523 | Lair:5   | Noticed Nessos
 17527 | Lair:5   | Killed Nessos
 17681 | Lair:5   | Reached skill level 5 in Staves
 17943 | Lair:6   | Entered Level 6 of the Lair of Beasts
 17978 | Lair:6   | Offered knowledge of Orb of Destruction by Vehumet.
 18580 | Lair:6   | Found a staircase to the Slime Pits.
 18581 | Lair:6   | Found a viscous altar of Jiyva.
 18617 | Lair:6   | Learned a level 7 spell: Orb of Destruction
 18814 | Lair:6   | Reached skill level 18 in Spellcasting
 19314 | Lair:6   | Reached XP level 15. HP: 136/138 MP: 13/44
 19779 | Orc      | Entered the Orcish Mines
 20062 | Orc      | Noticed an orc warlord
 20071 | Orc      | Killed an orc warlord
 20148 | Orc      | Reached skill level 10 in Fighting
 20161 | Orc      | Offered knowledge of Icicle Burst by Vehumet.
 20308 | Orc      | Found a roughly hewn altar of Beogh.
 20315 | Orc      | Found Moibb's General Store.
 20363 | Orc      | Found Epneysaorch's Antique Armour Shop.
 20370 | Orc      | Bought a pair of glowing gloves for 247 gold pieces
 20460 | Orc      | Found a staircase to the Elven Halls.
 20461 | Orc      | Found Samem's Food Emporium.
 20494 | Orc      | Found Nuofyih's Book Shop.
 20658 | Orc      | Found Neseroq's Antique Weapon Shop.
 20823 | Spider:1 | Entered Level 1 of the Spider Nest
 21334 | Lair:2   | Found a hole to the Spider Nest.
 21918 | Spider:1 | Reached skill level 5 in Shields
 22389 | Spider:1 | Reached skill level 19 in Spellcasting
 22836 | Spider:2 | Noticed Asterion
 22842 | Spider:2 | Noticed an Executioner
 22850 | Spider:3 | Entered Level 3 of the Spider Nest
 23542 | Spider:2 | Offered knowledge of Poison Arrow by Vehumet.
 23721 | Spider:2 | Killed Asterion
 23722 | Spider:2 | Reached skill level 10 in Dodging
 24446 | Spider:3 | Noticed Donald
 24543 | Spider:3 | Reached XP level 16. HP: 108/149 MP: 19/47
 24980 | Spider:3 | Killed Donald
 25383 | Spider:3 | Reached ****** piety under Vehumet
 25482 | Spider:3 | Offered knowledge of Bolt of Cold by Vehumet.
 25514 | Spider:3 | Found a transporter.
 25517 | Spider:3 | Noticed Quickbrownfox's ghost (adept MiAc)
 25519 | Spider:3 | Found a transporter.
 25529 | Spider:3 | Found the +0 pair of fencer's gloves {Riposte Dex+6}
 26247 | Spider:3 | Reached skill level 20 in Spellcasting
 26465 | Swamp:1  | Entered Level 1 of the Swamp
 26523 | Swamp:1  | Noticed a thorn hunter
 26533 | Swamp:1  | Killed a thorn hunter
 26596 | Swamp:1  | Identified the cursed ring of Tujailuss {rPois Stlth--}
                  | (You found it on level 1 of the Swamp)
 27601 | Swamp:2  | Noticed a thorn hunter
 27619 | Swamp:2  | Killed a thorn hunter
 27681 | Swamp:2  | Got a glimmering scale mail
 27694 | Swamp:2  | Identified the cursed +0 scale mail of Dishonour {+Fly
                  | rN++} (You found it on level 2 of the Swamp)
 27836 | Swamp:2  | Reached skill level 15 in Air Magic
 28116 | Swamp:2  | Reached XP level 17. HP: 152/158 MP: 11/49
 28591 | Swamp:3  | Entered Level 3 of the Swamp
 28759 | Swamp:3  | Offered knowledge of Glaciate by Vehumet.
 28759 | Swamp:3  | Offered knowledge of Chain Lightning by Vehumet.
 28759 | Swamp:3  | Offered knowledge of Tornado by Vehumet.
 29403 | Vaults:1 | Entered Level 1 of the Vaults
 29427 | Vaults:1 | Found a flickering gateway to a bazaar.
 29433 | Bazaar   | Entered a bazaar
 29467 | Bazaar   | Found Roqeuru's Magic Scroll Boutique.
 29485 | Bazaar   | Found Genwe's Gadget Emporium.
 29502 | Bazaar   | Found Osub's Food Boutique.
 29519 | Bazaar   | Found Hegg's Distillery.
 29524 | Bazaar   | Bought a potion of curing for 30 gold pieces
 29524 | Bazaar   | Bought a potion of curing for 30 gold pieces
 29524 | Bazaar   | Bought a potion of curing for 30 gold pieces
 29524 | Bazaar   | Bought 2 potions of curing for 60 gold pieces
 29524 | Bazaar   | Bought a potion of curing for 30 gold pieces
 29524 | Bazaar   | Bought a potion of heal wounds for 60 gold pieces
 29541 | Bazaar   | Bought a scroll of acquirement for 520 gold pieces
 29541 | Bazaar   | Bought a scroll of teleportation for 30 gold pieces
 29544 | Bazaar   | Identified the +2 cloak of Autotheism {rC- rN++ Int+7} (You
                  | acquired it in a bazaar)
 29544 | Bazaar   | Identified the ring "Huhesumm" {Ice *Slow +Inv rPois Int-4}
                  | (You acquired it in a bazaar)
 29559 | Bazaar   | Bought 2 potions of haste for 240 gold pieces
 29559 | Bazaar   | Bought a potion of might for 48 gold pieces
 29929 | Vaults:1 | Reached skill level 21 in Spellcasting
 31119 | Vaults:1 | Found a staircase to the Crypt.
 31119 | Vaults:1 | Found an ancient bone altar of Kikubaaqudgha.
 31135 | Vaults:1 | Found a basalt altar of Yredelemnul.
 31914 | Vaults:2 | Gained mutation: You can hurl hellfire. [Djinni growth]
 31914 | Vaults:2 | Reached XP level 18. HP: 145/167 MP: 9/52
 32596 | Vaults:2 | Noticed an Ice Fiend
 32600 | Vaults:2 | Slain by an Ice Fiend

Skill      XL: |  1  2  3  4  5  6  7  8  9 10 11 12 13 14 15 16 17 |
---------------+----------------------------------------------------+-----
Conjurations   | 5 6 7 8 10 11 12 13 14 | 14.0
Fighting       | 1 2 3 4 5 7 8 9 10 11 | 11.8
Spellcasting   | 4 6 7 9 11 12 14 15 16 18 19 20 21 | 21.8
Dodging        | 3 4 5 6 7 8 9 10 11 12 | 12.2
Stealth        | 2 |  2.3
Short Blades   | 1 |  1.7
Hexes          | 2 3 4 5 6 7 8 9 |  9.2
Air Magic      | 2 7 9 11 12 13 15 16 | 16.2
Staves         | 1 3 4 5 6 7 8 |  8.2
Shields        | 2 3 4 5 6 7 |  7.4
Armour         | 1 2 3 |  3.3
Unarmed Combat | |  0.2
Evocations     | |  0.2

Action                   |  1- 3 |  4- 6 |  7- 9 | 10-12 | 13-15 | 16-18 || total
-------------------------+-------+-------+-------+-------+-------+-------++-------
Melee: Unarmed           |     8 |       |       |       |       |       ||     8
       Dagger            |    12 |    16 |    31 |     3 |       |       ||    62
       Staff             |       |       |       |    22 |    89 |    69 ||   180
Throw: Tomahawk          |       |       |       |       |       |     7 ||     7
 Cast: Magic Dart        |    75 |    87 |       |       |       |       ||   162
       Searing Ray       |     1 |     5 |       |     3 |     3 |       ||    12
       Iskenderun's Myst |       |     4 |   153 |   147 |   409 |   398 ||  1111
       Airstrike         |       |       |       |   189 |   477 |   366 ||  1032
 Abil: Hurl Hellfire     |       |       |       |       |       |     2 ||     2
Evoke: Wand              |       |       |       |     4 |       |       ||     4
       Phial of floods   |       |       |       |     1 |       |     1 ||     2
       Sack of spiders   |       |       |       |       |     1 |       ||     1
  Use: Scroll            |       |       |       |    17 |    17 |    13 ||    47
       Potion            |       |       |       |    13 |     1 |     1 ||    15
 Stab: Sleeping          |     1 |       |       |       |       |       ||     1
  Eat: Chunk             |     4 |     6 |    16 |    16 |    38 |    22 ||   102
       Ration            |       |       |       |     2 |     2 |     4 ||     8
Armor: Robe              |     1 |     4 |     6 |    18 |       |       ||    29
       Skin              |       |       |       |    44 |       |       ||    44
       Leather armour    |       |       |       |     8 |       |       ||     8
       Ring mail         |       |       |       |    37 |   216 |   230 ||   483
Dodge: Dodged            |    12 |    10 |    27 |    81 |   210 |   229 ||   569
Block: Buckler           |       |       |       |    14 |    97 |       ||   111
       Medium shield     |       |       |       |       |    13 |   252 ||   265
       Reflection        |       |       |       |       |       |    27 ||    27
